 Dungeon Crawl Stone Soup version 0.28-a0-691-gad6df49e81 (webtiles) character file.

Game seed: 12125736617501633426

101 siradein the Stinger (level 4, 0/30 HPs)
             Began as a Demonspawn Venom Mage on Oct 21, 2021.
             Succumbed to a scorpion's poison
             ... on level 3 of the Dungeon.
             The game lasted 00:07:03 (2603 turns).

siradein the Stinger (Demonspawn Venom Mage)        Turns: 2603, Time: 00:07:04

Health: 0/30       AC:  5    Str:  8    XL:     4   Next: 48%
Magic:  17/17      EV: 10    Int: 18    God:
Gold:   46         SH:  0    Dex: 13    Spells: 2/8 levels left

rFire   . . .      SeeInvis .   l - +0 spear
rCold   . . .      Faith    .   (no shield)
rNeg    . . .      Spirit   .   a - +0 ring mail
rPois   .          Reflect  .   (no helmet)
rElec   .          Harm     .   (no cloak)
rCorr   .          Rampage  .   (no gloves)
Will    .....                   (no boots)
Stlth   +.........              (no amulet)
HPRegen 0.10/turn               g - ring of magical power
MPRegen 0.15/turn               (no ring)

@: lethally poisoned (0 -> -13)
A: ignite blood 1, spiny 2
a: no special abilities


You were on level 3 of the Dungeon.
You visited 1 branch of the dungeon, and saw 4 of its levels.

You collected 46 gold pieces.

Inventory:

Hand Weapons
 l - a +0 spear (weapon)
Armour
 a - a +0 ring mail (worn)
 b - a +0 leather armour
Jewellery
 g - a ring of magical power (left hand)
Scrolls
 c - 3 scrolls of identify {unknown}
 d - 2 scrolls of brand weapon {unknown}
 f - a scroll of amnesia {unknown}
 h - a scroll of fog {unknown}
 i - a scroll of blinking {unknown}
 j - 3 scrolls of fear {unknown}
Potions
 e - 4 potions of flight {unknown}
 k - a potion of might {unknown}
 m - a potion of curing {unknown}


   Skills:
 + Level 2.6 Dodging
 - Level 1.7 Stealth
 + Level 2.6 Spellcasting
 + Level 0.4 Conjurations
 + Level 1.8 Transmutations
 + Level 0.3 Air Magic
 + Level 3.6 Poison Magic


You had 2 spell levels left.
You knew the following spells:

 Your Spells              Type           Power      Damage    Failure   Level
a - Sting                 Tmut/Pois      48%        1d5       17%         1
b - Poisonous Vapours     Pois/Air       18%        N/A       34%         2
c - Mephitic Cloud        Conj/Pois/Air  7%         N/A       65%         3

Your spell library contained the following spells:

 Spells                   Type           Power      Damage    Failure   Level
 Olgreb's Toxic Radiance  Pois           15%        N/A       75%         4


Dungeon Overview and Level Annotations

Branches:
Dungeon (4/15)
 Temple: D:4-7

Altars:


Innate Abilities, Weirdness & Mutations

Your demonic aura sometimes causes spilled blood to erupt in flames.
You are mostly covered in sharp spines.


Message History

The adder barely misses you. The adder is struck by your spines.
You kill the adder!
You see here an adder corpse.
A frilled lizard comes into view.
The frilled lizard hisses angrily.
You hit the frilled lizard.
You kill the frilled lizard!
You barely miss the orc.
The orc is lightly wounded.
The orc completely misses you.
You closely miss the orc.
The orc is lightly wounded.
The orc is struck by your spines. The orc completely misses you.
You closely miss the orc.
The orc is moderately wounded.
The orc misses you.
You hit the orc.
The orc is severely wounded.
The orc misses you.
You hit the orc.
You kill the orc!
You closely miss the scorpion. The scorpion stings you.
The scorpion is struck by your spines. The scorpion stings you.
You barely miss the scorpion.
The scorpion is moderately wounded.
The scorpion is struck by your spines. The scorpion stings you.
You are poisoned.
The scorpion poisons you!
You hit the scorpion but do no damage.
The scorpion is heavily wounded.
You feel very sick. The scorpion is struck by your spines.
The scorpion stings you.
You are lethally poisoned!
The scorpion poisons you!
* * * LOW HITPOINT WARNING * * *
You feel very sick.
* * * LOW HITPOINT WARNING * * *
You feel very sick.
You die...

................##.##.##
...............>##..s.##
.....#.#..........†....
... #.#......######### .
#s#......# #°#......#
#.#......# #.#......#
####+######@#......#
#........##.#......
#........+..#
#........#.... ...
.#####........#...##...
..............#........
......####..#.#.......<
......# ##.#.#.......
#.....# #.#.#.....


You could see a scorpion.

Vanquished Creatures
  3 adders
  3 orcs
  6 endoplasms
  4 giant cockroaches
  3 goblins
  10 hobgoblins
  4 jackals (D:1)
  3 kobolds
  6 quokkas
  3 ball pythons
  7 bats
  7 frilled lizards
  3 rats
62 creatures vanquished.

Notes
Turn   | Place    | Note
-------+----------+-------------------------------------------
     0 | D:1      | siradein the Demonspawn Venom Mage began the quest for the
                  | Orb.
     0 | D:1      | Reached XP level 1. HP: 13/13 MP: 3/3
    18 | D:1      | Reached skill level 1 in Transmutations
   307 | D:1      | Gained mutation: You are partially covered in sharp spines.
                  | [demonic ancestry]
   307 | D:1      | Reached XP level 2. HP: 19/19 MP: 0/5
   440 | D:1      | Found a faded altar of an unknown god.
   658 | D:1      | Learned a level 2 spell: Poisonous Vapours
   777 | D:1      | Gained mutation: Your demonic aura sometimes causes spilled
                  | blood to erupt in flames. [demonic ancestry]
   777 | D:1      | Reached XP level 3. HP: 19/24 MP: 6/6
  1044 | D:1      | You fall into a shaft and drop 1 floor!
  1785 | D:2      | Gained mutation: You are mostly covered in sharp spines.
                  | [demonic ancestry]
  1785 | D:2      | Reached XP level 4. HP: 30/30 MP: 7/7
  1867 | D:2      | Learned a level 3 spell: Mephitic Cloud
  2479 | D:3      | You fall into a shaft and drop 1 floor!
  2560 | D:3      | Noticed a scorpion
  2603 | D:3      | Succumbed to a scorpion's poison

Illustrated notes

Levels and vault maps discovered:
D:1:      saegor_arrival_miasma, layout_rooms, ebering_ecumenical_altar_ruins
D:2:      layout_basic, minmay_tromino_i4
D:3:      layout_basic, mainiacjoe_overflow_swirl, uniq_crazy_yiuf_cottage
D:4:      layout_basic

Skill      XL: |  1 |
---------------+----+-----
Transmutations | 1 |  1.8
Dodging        | 2 |  2.6
Stealth        | |  1.7
Spellcasting   | |  2.6
Conjurations   | |  0.4
Air Magic      | |  0.3
Poison Magic   | |  3.6

Action                   |  1- 3 |  4- 6 || total
-------------------------+-------+-------++-------
Melee: Dagger            |   103 |       ||   103
       Unarmed           |     8 |       ||     8
       Spear             |       |    46 ||    46
 Cast: Sting             |    10 |       ||    10
 Stab: Sleeping          |     3 |     2 ||     5
Armor: Leather armour    |    29 |     2 ||    31
       Robe              |     2 |       ||     2
       Ring mail         |       |     5 ||     5
Dodge: Dodged            |    61 |    19 ||    80

Table legend: (Time is in decaauts)
 A = Elapsed time spent in this place.
 B = Non-inter-level travel time spent in this place.
 C = Inter-level travel time spent in this place.
 D = Time resting spent in this place.
 E = Time spent auto-exploring this place.
 F = Levels seen in this place.
 G = Mean time per level.
                   A        B        C        D        E       F      G
               +--------+--------+--------+--------+--------+-----+--------+
         Total |   2606 |   2573 |     33 |    186 |   1843 |   4 |  651.5 |
       Dungeon |   2606 |   2573 |     33 |    186 |   1843 |   4 |  651.5 |
               +--------+--------+--------+--------+--------+-----+--------+

Top non-repeatable levels by time:
     D:2: 1298 daAuts
     D:1: 1110 daAuts
     D:3: 116 daAuts
     D:4: 82 daAuts
